[ AOE2 MATCH · #506179082 ]
UnrankedPoles vs Britons
Player's team · WIN
Rival team · LOSS
[ REPLAY ANALYSIS · EXTRACTED FROM THE RECORDED GAME ]
Feudal
8:59
Castle
19:34
Imperial
—
| APM avg | 26.6 |
| APM peak | 71 |
| eAPM avg | 15.8 |
| Villagers / military | 53 / 43 |
Focus
⚔️ 37.1% · 🌾 62.9%
Scout Cavalry ×20 · Petard ×7 · Battering Ram ×7 · Obuch ×5 · Mangonel ×4
Feudal
10:34
Castle
17:29
Imperial
—
| APM avg | 26.2 |
| APM peak | 50 |
| eAPM avg | 16.0 |
| Villagers / military | 64 / 5 |
Focus
⚔️ 20.1% · 🌾 79.9%
Mangonel ×3 · Longbowman ×2
Match map
Initial resources + every placement click. Lines = walls · curves = elevation contours. ◆ gold · ⬟ stone · ● berries · ✦ relic · ◌ wall gap
Your base· ✓ Closed at 19:34 · 12t walls · 2 gate(s)
Voskarius's base· ✓ Closed at 17:29 · 60t walls · 2 gate(s)
Smoothed initial terrain · ◌ = detected wall gap · hover for details
Inputs per minute
— [Los Sanguinarios] Daro087 - - Voskarius
Build order — [Los Sanguinarios] Daro087
First 150 of 166 actions detected
| 0:00 | Queue | Villager (Male) |
| 0:01 | Queue | Villager (Male) |
| 0:01 | Queue | Villager (Male) |
| 0:02 | Build | House |
| 0:03 | Build | House |
| 0:25 | Queue | Villager (Male) |
| 0:25 | Queue | Villager (Male) |
| 0:28 | Build | House |
| 1:31 | Queue | Villager (Male) |
| 1:32 | Queue | Villager (Male) |
| 1:48 | Build | Lumber Camp |
| 2:10 | Queue | Villager (Male) |
| 2:11 | Queue | Villager (Male) |
| 2:29 | Queue | Villager (Male) |
| 2:30 | Queue | Villager (Male) |
| 2:44 | Queue | Villager (Male) |
| 2:44 | Queue | Villager (Male) |
| 3:00 | Queue | Villager (Male) |
| 3:32 | Queue | Villager (Male) |
| 3:32 | Queue | Villager (Male) |
| 3:59 | Queue | Villager (Male) |
| 4:09 | Build | Mill |
| 4:28 | Queue | Villager (Male) |
| 4:29 | Queue | Villager (Male) |
| 4:29 | Queue | Villager (Male) |
| 5:04 | Queue | Villager (Male) |
| 5:04 | Queue | Villager (Male) |
| 5:36 | Research | Loom |
| 6:00 | Build | Mining Camp |
| 6:49 | Research | Feudal Age |
| 6:49 | Research | Feudal Age |
| 7:06 | Build | House |
| 7:42 | Queue | Villager (Male) |
| 8:44 | Queue | Villager (Male) |
| 8:59 | Age | Feudal Age |
| 9:01 | Build | Watch Tower |
| 9:03 | Build | Palisade Wall |
| 9:06 | Build | Palisade Wall |
| 9:09 | Build | Palisade Wall |
| 9:12 | Build | Palisade Wall |
| 9:13 | Build | Palisade Wall |
| 9:18 | Research | Double-Bit Axe |
| 9:19 | Research | Horse Collar |
| 9:32 | Build | Outpost |
| 9:41 | Queue | Villager (Male) |
| 9:42 | Queue | Villager (Male) |
| 9:55 | Queue | Villager (Male) |
| 9:56 | Queue | Villager (Male) |
| 10:00 | Queue | Villager (Male) |
| 10:28 | Queue | Villager (Male) |
| 10:39 | Build | Blacksmith |
| 10:42 | Queue | Villager (Male) |
| 11:20 | Build | Mill |
| 11:57 | Build | Watch Tower |
| 12:01 | Queue | Villager (Male) |
| 12:05 | Build | Farm |
| 12:05 | Build | Farm |
| 12:25 | Build | Farm |
| 12:27 | Queue | Villager (Male) |
| 12:41 | Build | Farm |
| 12:42 | Queue | Villager (Male) |
| 13:52 | Queue | Villager (Male) |
| 13:52 | Queue | Villager (Male) |
| 13:57 | Build | Farm |
| 14:00 | Build | Farm |
| 14:01 | Queue | Villager (Male) |
| 14:07 | Build | Farm |
| 14:09 | Queue | Villager (Male) |
| 14:27 | Build | Farm |
| 14:28 | Queue | Villager (Male) |
| 14:42 | Build | House |
| 14:53 | Build | Market |
| 14:56 | Build | Farm |
| 14:58 | Queue | Villager (Male) |
| 15:09 | Build | Watch Tower |
| 15:16 | Build | Farm |
| 15:26 | Build | Palisade Wall |
| 15:29 | Build | Palisade Wall |
| 15:31 | Build | Palisade Wall |
| 15:33 | Build | Palisade Wall |
| 15:35 | Build | Palisade Wall |
| 15:38 | Build | Palisade Wall |
| 16:09 | Build | Farm |
| 16:14 | Build | House |
| 16:27 | Queue | Villager (Male) |
| 16:31 | Build | Farm |
| 16:48 | Research | Castle Age |
| 16:48 | Research | Castle Age |
| 17:01 | Build | Mining Camp |
| 17:07 | Build | Barracks |
| 17:16 | Research | Town Watch |
| 17:26 | Build | Mining Camp |
| 17:33 | Build | House |
| 17:33 | Build | House |
| 17:50 | Research | Scale Barding Armor |
| 18:13 | Build | Stable |
| 18:27 | Build | Stone Wall |
| 18:30 | Build | House |
| 18:45 | Queue | Villager (Male) |
| 19:00 | Build | Lumber Camp |
| 19:03 | Queue | Villager (Male) |
| 19:08 | Research | Bloodlines |
| 19:33 | Research | Forging |
| 19:34 | Age | Castle Age |
| 19:40 | Research | Light Cavalry (upgrade) |
| 19:49 | Build | Siege Workshop |
| 19:54 | Queue | Villager (Male) |
| 20:24 | Research | Fletching |
| 20:31 | Queue | Mangonel |
| 20:39 | Queue | Villager (Male) |
| 20:45 | Queue | Scout Cavalry |
| 20:46 | Queue | Scout Cavalry |
| 21:02 | Queue | Villager (Male) |
| 21:18 | Build | Castle |
| 21:29 | Queue | Scout Cavalry |
| 21:29 | Queue | Scout Cavalry |
| 22:00 | Build | Castle |
| 22:15 | Queue | Scout Cavalry |
| 22:15 | Queue | Scout Cavalry |
| 22:42 | Queue | Mangonel |
| 22:44 | Queue | Scout Cavalry |
| 23:01 | Queue | Villager (Male) |
| 23:01 | Queue | Villager (Male) |
| 23:23 | Research | Bodkin Arrow |
| 23:36 | Queue | Villager (Male) |
| 23:45 | Build | Farm |
| 23:52 | Queue | Battering Ram |
| 23:52 | Queue | Battering Ram |
| 24:10 | Queue | Scout Cavalry |
| 24:13 | Queue | Battering Ram |
| 24:14 | Queue | Obuch |
| 24:15 | Queue | Obuch |
| 24:15 | Queue | Obuch |
| 24:17 | Queue | Obuch |
| 24:17 | Queue | Obuch |
| 24:19 | Queue | Villager (Male) |
| 24:39 | Queue | Villager (Male) |
| 26:02 | Queue | Petard |
| 26:02 | Queue | Petard |
| 26:04 | Queue | Battering Ram |
| 26:04 | Queue | Battering Ram |
| 26:07 | Research | Chain Barding Armor |
| 26:10 | Queue | Scout Cavalry |
| 26:10 | Queue | Scout Cavalry |
| 26:11 | Queue | Scout Cavalry |
| 26:14 | Queue | Villager (Male) |
| 26:14 | Queue | Villager (Male) |
| 26:31 | Build | Castle |
| 26:34 | Queue | Mangonel |
| 26:52 | Queue | Scout Cavalry |
Build order — Voskarius
142 actions detected in the replay
| 0:01 | Queue | Villager (Male) ×4 |
| 0:03 | Build | House |
| 0:04 | Build | House |
| 1:23 | Build | Lumber Camp |
| 1:34 | Queue | Villager (Male) |
| 1:55 | Queue | Villager (Male) |
| 2:26 | Queue | Villager (Male) |
| 2:42 | Queue | Villager (Male) |
| 2:55 | Queue | Villager (Male) |
| 3:19 | Queue | Villager (Male) |
| 3:22 | Build | House |
| 3:58 | Build | Mill |
| 4:14 | Queue | Villager (Male) |
| 4:15 | Queue | Villager (Male) |
| 5:02 | Queue | Villager (Male) |
| 5:03 | Queue | Villager (Male) |
| 5:03 | Queue | Villager (Male) |
| 5:07 | Build | House |
| 5:54 | Queue | Villager (Male) |
| 5:54 | Queue | Villager (Male) |
| 5:55 | Queue | Villager (Male) |
| 6:27 | Build | Mill |
| 6:56 | Queue | Villager (Male) |
| 6:56 | Queue | Villager (Male) |
| 7:55 | Queue | Villager (Male) |
| 8:02 | Build | Mining Camp |
| 8:17 | Research | Feudal Age |
| 9:05 | Research | Loom |
| 9:13 | Build | Palisade Wall |
| 9:17 | Build | Palisade Wall |
| 9:30 | Build | Palisade Wall |
| 9:34 | Build | Palisade Wall |
| 10:00 | Build | House |
| 10:24 | Build | Palisade Wall |
| 10:34 | Age | Feudal Age |
| 10:40 | Build | Stone Wall |
| 10:53 | Build | Stone Wall |
| 10:59 | Queue | Villager (Male) |
| 11:03 | Build | Market |
| 11:20 | Queue | Villager (Male) |
| 12:11 | Queue | Villager (Male) |
| 12:11 | Queue | Villager (Male) |
| 12:30 | Build | Watch Tower |
| 13:03 | Queue | Villager (Male) |
| 13:03 | Queue | Villager (Male) |
| 13:24 | Queue | Villager (Male) |
| 13:27 | Build | Blacksmith |
| 14:21 | Queue | Villager (Male) |
| 14:28 | Build | Market |
| 14:49 | Research | Castle Age |
| 14:49 | Research | Castle Age |
| 14:58 | Build | Farm |
| 14:59 | Build | Farm |
| 15:00 | Build | Farm |
| 15:04 | Build | Farm |
| 15:32 | Build | Farm |
| 15:37 | Build | House |
| 15:40 | Build | Mining Camp |
| 15:52 | Build | Farm |
| 16:04 | Build | House |
| 16:18 | Build | Stone Wall |
| 16:22 | Build | Stone Wall |
| 16:39 | Build | Stone Wall |
| 16:59 | Build | Farm |
| 17:00 | Build | Farm |
| 17:15 | Research | Double-Bit Axe |
| 17:29 | Age | Castle Age |
| 17:33 | Build | Town Center |
| 17:38 | Queue | Villager (Male) |
| 17:57 | Build | Siege Workshop |
| 18:02 | Queue | Villager (Male) |
| 18:10 | Build | Farm |
| 18:28 | Queue | Villager (Male) |
| 18:33 | Build | Farm |
| 18:36 | Build | Farm |
| 18:38 | Queue | Villager (Male) |
| 18:47 | Queue | Villager (Male) |
| 18:47 | Queue | Villager (Male) |
| 18:57 | Build | Farm |
| 19:06 | Build | Farm |
| 19:08 | Queue | Villager (Male) |
| 19:19 | Research | Horse Collar |
| 19:19 | Research | Horse Collar |
| 19:25 | Queue | Villager (Male) |
| 19:40 | Build | Farm |
| 19:41 | Build | Farm |
| 19:46 | Queue | Villager (Male) |
| 19:50 | Build | Farm |
| 19:53 | Build | Farm |
| 19:56 | Queue | Villager (Male) |
| 20:13 | Queue | Villager (Male) |
| 20:29 | Build | House |
| 20:30 | Queue | Villager (Male) |
| 20:30 | Queue | Villager (Male) |
| 20:31 | Queue | Villager (Male) |
| 20:32 | Queue | Mangonel |
| 20:51 | Queue | Villager (Male) |
| 20:55 | Build | House |
| 20:56 | Build | House |
| 21:05 | Queue | Villager (Male) |
| 21:05 | Queue | Villager (Male) |
| 21:06 | Queue | Villager (Male) |
| 21:12 | Queue | Villager (Male) |
| 21:20 | Build | Lumber Camp |
| 21:34 | Queue | Mangonel |
| 22:37 | Queue | Mangonel |
| 22:38 | Queue | Villager (Male) |
| 22:38 | Queue | Villager (Male) |
| 22:39 | Queue | Villager (Male) |
| 22:56 | Queue | Villager (Male) |
| 22:56 | Queue | Villager (Male) |
| 23:02 | Build | House |
| 23:03 | Build | House |
| 23:30 | Queue | Villager (Male) |
| 23:30 | Queue | Villager (Male) |
| 23:54 | Build | University |
| 24:01 | Queue | Villager (Male) |
| 24:01 | Queue | Villager (Male) |
| 24:41 | Build | Castle |
| 24:46 | Build | House |
| 24:50 | Build | House |
| 24:55 | Research | Fletching |
| 25:06 | Build | House |
| 25:48 | Build | Farm |
| 25:56 | Queue | Villager (Male) |
| 25:56 | Queue | Villager (Male) |
| 26:02 | Build | Farm |
| 26:12 | Build | House |
| 26:17 | Queue | Villager (Male) |
| 26:17 | Queue | Villager (Male) |
| 26:27 | Build | Stone Wall |
| 26:56 | Build | Stone Wall |
| 27:33 | Research | Imperial Age |
| 27:49 | Build | Lumber Camp |
| 27:58 | Queue | Villager (Male) |
| 27:58 | Queue | Villager (Male) |
| 28:16 | Build | Watch Tower |
| 28:32 | Queue | Villager (Male) |
| 29:14 | Build | Stone Wall |
| 29:50 | Queue | Longbowman |
| 29:51 | Queue | Longbowman |
| 30:11 | Build | Siege Workshop |
Match timeline
| 8:59 | [Los Sanguinarios] Daro087 · age_up feudal |
| 9:03 | [Los Sanguinarios] Daro087 · wall_segment Palisade Wall x1 |
| 9:06 | [Los Sanguinarios] Daro087 · wall_segment Palisade Wall x1 |
| 9:09 | [Los Sanguinarios] Daro087 · wall_segment Palisade Wall x1 |
| 9:12 | [Los Sanguinarios] Daro087 · wall_segment Palisade Wall x1 |
| 9:13 | Voskarius · wall_segment Palisade Wall x2 |
| 9:13 | [Los Sanguinarios] Daro087 · wall_segment Palisade Wall x1 |
| 9:17 | Voskarius · wall_segment Palisade Wall x7 |
| 9:30 | Voskarius · wall_segment Palisade Wall x8 |
| 9:34 | Voskarius · wall_segment Palisade Wall x1 |
| 10:24 | Voskarius · wall_segment Palisade Wall x9 |
| 10:34 | Voskarius · age_up feudal |
| 10:40 | Voskarius · wall_segment Stone Wall x13 |
| 10:53 | Voskarius · wall_segment Stone Wall x11 |
| 11:44 | Voskarius · first_market_sell 100 food |
| 11:45 | Voskarius · first_market_buy 100 stone |
| 15:26 | [Los Sanguinarios] Daro087 · wall_segment Palisade Wall x1 |
| 15:29 | [Los Sanguinarios] Daro087 · wall_segment Palisade Wall x1 |
| 15:31 | [Los Sanguinarios] Daro087 · wall_segment Palisade Wall x1 |
| 15:33 | [Los Sanguinarios] Daro087 · wall_segment Palisade Wall x1 |
| 15:35 | [Los Sanguinarios] Daro087 · wall_segment Palisade Wall x1 |
| 15:38 | [Los Sanguinarios] Daro087 · wall_segment Palisade Wall x1 |
| 16:18 | Voskarius · wall_segment Stone Wall x7 |
| 16:22 | Voskarius · wall_segment Stone Wall x8 |
| 16:39 | Voskarius · wall_segment Stone Wall x1 |
| 17:07 | [Los Sanguinarios] Daro087 · first_building Barracks |
| 17:29 | Voskarius · age_up castle |
| 17:57 | Voskarius · first_building Siege Workshop |
| 18:13 | [Los Sanguinarios] Daro087 · first_building Stable |
| 18:27 | [Los Sanguinarios] Daro087 · wall_segment Stone Wall x1 |
| 19:34 | [Los Sanguinarios] Daro087 · age_up castle |
| 19:49 | [Los Sanguinarios] Daro087 · first_building Siege Workshop |
| 21:18 | [Los Sanguinarios] Daro087 · first_building Castle |
| 24:41 | Voskarius · first_building Castle |
| 26:27 | Voskarius · wall_segment Stone Wall x1 |
| 26:56 | Voskarius · wall_segment Stone Wall x1 |
| 29:14 | Voskarius · wall_segment Stone Wall x1 |
| 30:20 | Voskarius · resign |
[ AI ANALYSIS · 1 CREDIT ]
What really happened in this match?
Wolo.gg analyzes every decision: build order, eco, micro, common mistakes by bracket. Personalized analysis on WhatsApp or Discord in 30 seconds.
Civ guide
Poles
Perfil
Jugador #4719124